Zazza, neutral female human Tourist -------------------------------- |..............................| |...--------.......-----------.| |...|++?|..|------.|..|(((|..).| |...|+++|..|.....|.|..|(((|..|.| |...|...||-|.._..|.-|-|...|---.| |...--|--..|.....|....--|--....|# |......@@..|.....|.............|###### |..f.@...[[---|---.{...........-#####--.-.-.- |..............................| #.......| |.Y.--|--...).......-+---(--...| |......| |@..|...|-------.---| |..*|...| |......| |...|...| |%..-.-..| |.[%|...| |.....>| |...|((.| |...|.|..|--|(!%|...| |.....)| |...-----+------.----..-----)..| -------- |..............................| -------------------------------- Zazza the Excursionist Experience level: 7 Strength: 14 Dexterity: 11 Constitution: 16 Intelligence: 12 Wisdom: 10 Charisma: 18 Health: 0(87) Energy: 26(26) Def: 9 Gold: 713 Moves: 10474 Dungeon seed: DQSV0cRx56KbQek4 Game ID: Zazza_1575224199 Your Inventory: Coins $ - 713 gold pieces Weapons a - 28 +2 darts (in quiver) b - 10 +0 daggers A - 15 +0 darts D - 4 blessed +0 elven daggers (wielded) S - 11 +2 darts Armor e - an uncursed +0 Hawaiian shirt (being worn) g - an uncursed +0 elven cloak r - an uncursed rusty +0 orcish helm (being worn) z - an uncursed +0 alchemy smock B - an uncursed +0 elven cloak (being worn) N - an uncursed +0 pair of iron shoes (being worn) W - an uncursed +0 dwarvish mithril-coat (being worn) Comestibles h - an uncursed apple i - an uncursed orange J - an uncursed carrot Q - 3 uncursed food rations Scrolls c - an uncursed scroll of blank paper f - 2 blessed scrolls of blank paper p - a cursed scroll of remove curse T - an uncursed scroll of taming X - an uncursed scroll of genocide Y - an uncursed scroll of identify Spellbooks G - a blessed spellbook of cure blindness Potions F - an uncursed potion of see invisible Rings d - an uncursed ring of sustain ability j - an uncursed +1 ring of gain strength (on left hand) u - an uncursed ring of see invisible (on right hand) H - a cursed -1 ring of gain strength R - an uncursed ring of polymorph Wands v - a wand of magic missile (0:0) w - a wand of light (0:13) y - a wand of opening (0:3) I - a wand of nothing (0:6) P - a wand of magic missile named 0 charge ? (0:5) Tools k - an uncursed skeleton key l - an expensive camera (0:40) m - an uncursed mirror t - a cursed magic marker (0:77) x - 6 blessed tallow candles (0:200) E - a magic marker (0:43) K - an uncursed tin opener L - an uncursed blindfold M - an uncursed mirror O - 12 uncursed tallow candles (0:200) U - a can of grease (0:1) Gems q - a blessed touchstone s - an uncursed obsidian stone Spells and supernatural/magical abilities: Name Level Category Fail Memory W - pray for help -- divine ? -- Your skills at the end: Fighting Skills Weapon Skills dagger [Skilled] dart [Basic] Spellcasting Skills Final Attributes: You were piously aligned. You were poison resistant. You saw invisible. You were telepathic. You were stealthy. You are dead. Vanquished creatures: a ghost 2 large mimics 3 small mimics a shocking sphere 2 quivering blobs a giant spider an ice vortex 3 gnome kings a brown pudding 7 Woodland-elves a wood nymph a rock piercer a rock mole 3 yellow lights 2 shriekers a violet fungus 9 gnome lords 3 gnomish wizards 2 gray oozes a paper golem a baby crocodile a giant ant 2 little dogs 2 floating eyes 14 dwarves a kobold lord 3 hill orcs 5 rothes a rabid rat 3 giant bats 7 orc zombies a dwarf zombie a wererat a werejackal 5 iguanas 3 acid blobs 3 gas spores 7 hobbits 2 large kobolds 2 hobgoblins 6 giant rats 9 cave spiders a yellow mold 37 gnomes a garter snake 7 geckos 9 jackals a fox a kobold 3 goblins 12 grid bugs 5 lichens 4 kobold zombies 10 newts 217 creatures vanquished. Voluntary challenges: You used a wielded weapon 289 times, starting on turn 447. You read items or engraved 32 times, starting on turn 386. You never genocided any monsters. You never polymorphed an object. You never changed form. You used no wishes. You never split a pudding. You wrote Elbereth's name 20 times, starting on turn 386. You never violated your personal moral code. Dungeon overview: The Dungeons of Doom: levels 1 to 6 Level 1 an altar to The Lady a long staircase Level 2 a general store Level 3 some fountains Level 4 a fountain, a sink stairs to The Gnomish Mines Level 5 a general store, a fountain Level 6 a general store The Gnomish Mines: levels 5 to 10 Level 5 stairs to The Dungeons of Doom Level 6 Level 7 Level 8 <- You were here many shops, a temple to Offler, some fountains Level 9 Level 10 History has recorded: On T:1 you entered the Dungeons of Doom to retrieve the Amulet of Yendor! On T:7 you reached level 2 of The Dungeons of Doom. On T:352 you reached level 4 of The Dungeons of Doom. On T:441 you reached level 3 of The Dungeons of Doom. On T:465 you advanced to experience level 2. On T:1905 you advanced to experience level 3. On T:2733 you reached level 1 of The Gnomish Mines. On T:2824 you advanced to experience level 4. On T:3491 you reached level 5 of The Dungeons of Doom. On T:4269 you advanced to experience level 5. On T:5778 you advanced to experience level 6. On T:6417 you reached level 6 of The Dungeons of Doom. On T:8370 you reached level 2 of The Gnomish Mines. On T:8650 you reached level 3 of The Gnomish Mines. On T:8692 you advanced to experience level 7. On T:9070 you reached level 6 of The Gnomish Mines. On T:9169 you reached level 5 of The Gnomish Mines. On T:9742 you reached level 4 of The Gnomish Mines. Score breakdown: Gold: 0 ( 0 points) Experience: 7 levels (13645 points) Exploration: 10 levels ( 20.83%) (13127 points) Discoveries: 33 items ( 11.07%) ( 9983 points) Valuables value: (no points given unless you survive) Artifact value: 0 ( 0 points) Variety of kills: 54 monsters ( 14.17%) (11294 points) Turncount: 10474 turns (-2447 points) Survival: died (score multiplied by 80%) Total score: 36481 Latest messages: Something is written here in the dust. You read: "Elbereth". You see here a runed spear. The yeti turns to flee! Never mind. The yeti hits! (2x) The yeti bites! The yeti hits! (2x) The yeti bites! The yeti hits! The yeti just misses! The yeti bites! The yeti is blinded by the flash! The yeti misses. The yeti hits! The yeti bites! The yeti hits! (2x) The yeti bites! You die... Final status: Aloha Zazza the Tourist, killed by a yeti... You died in The Gnomish Mines on dungeon level 8 with 36481 points, and 713 pieces of gold, after 10474 moves. You were level 7 with a maximum of 87 hit points when you died.